| TOP OF THE 1ST |
|
Dayton Dragons batting - Pitching for Hagerstown Suns : RHP Sentos Alatas
|
|
Pitching: RHP Sentos Alatas
|
|
|
Batting: LHB Matt Kennedy
|
0-0: Ball 1-0: Swinging Strike 1-1: Ball 2-1: Called Strike 2-2: Ball 3-2: Base on Balls
|
|
Batting: LHB Leo Gomez
|
0-0: Foul Ball, location: 2F 0-1: Ball 1-1: Ball 2-1: Foul Ball, location: 2F 2-2: SINGLE (Line Drive, 4D, EV 95.0 MPH) Matt Kennedy to second
|
|
Batting: RHB Andy Bachman
|
0-0: DOUBLE (Groundball, 5L, EV 102.5 MPH) Matt Kennedy scores Leo Gomez to third
|
|
Batting: LHB Chris Redhead
|
0-0: Ball 1-0: Ball 2-0: Foul Ball, location: 2F 2-1: Foul Ball, location: 2F 2-2: Ground out 4-3 (Groundball, 4, EV 80.6 MPH) Leo Gomez scores Andy Bachman to third
|
|
Batting: RHB Mark Williams
|
0-0: Fly out, F7 (Flyball, 7LM, EV 91.2 MPH) Runner from 3rd tags up, SCORES, throw by LF
|
|
Batting: LHB Ray Walden
|
0-0: Ball 1-0: Swinging Strike 1-1: Foul Ball, location: 2F 1-2: Foul Ball, location: 2F 1-2: Ball 2-2: Foul Ball, location: 2F 2-2: Strikes out swinging
|
| Top of the 1st over - 3 runs, 2 hits, 0 errors, 0 left on base; Dayton 3 - Hagerstown 0 |
| BOTTOM OF THE 1ST |
|
Hagerstown Suns batting - Pitching for Dayton Dragons : LHP Josue Silva
|
|
Pitching: LHP Josue Silva
|
|
|
Batting: RHB Bobby Bricker
|
0-0: Fly out, F8 (Flyball, 78S, EV 90.6 MPH)
|
|
Batting: RHB Leo Gutierrez
|
0-0: Ball 1-0: Called Strike 1-1: Ball 2-1: SINGLE (Groundball, 6M, EV 86.9 MPH) (infield hit)
|
|
Batting: RHB Tylor Cyr
|
0-0: Foul Ball, location: 2F 0-1: Ball 1-1: Ball 2-1: Ball 3-1: Base on Balls Leo Gutierrez to second
|
|
Batting: RHB Slavik Nebrodov
|
0-0: Called Strike Leo Gutierrez steals 3rd base 0-1: Fielders Choice at 2nd, 6-4 (Groundball, 6, EV 83.8 MPH) Leo Gutierrez scores
|
|
Batting: RHB Bryan Wheeler
|
0-0: Foul Ball, location: 2F 0-1: Swinging Strike 0-2: Strikes out swinging
|
| Bottom of the 1st over - 1 run, 1 hit, 0 errors, 1 left on base; Dayton 3 - Hagerstown 1 |
| TOP OF THE 2ND |
|
Dayton Dragons batting - Pitching for Hagerstown Suns : RHP Sentos Alatas
|
|
Batting: RHB Chris Zamora
|
0-0: Ball 1-0: DOUBLE (Groundball, 5L, EV 103.1 MPH)
|
|
Batting: RHB Ernie Maldonado
|
0-0: Called Strike 0-1: Fly out, F4 (Popup, 4M, EV 59.4 MPH)
|
|
Batting: RHB Yutaka Sato
|
0-0: Ball Passed Ball! Chris Zamora to third 1-0: 2-RUN HOME RUN (Line Drive, 89XD, EV 103.8 MPH), Distance : 401 ft
|
|
Batting: LHB Matt Kennedy
|
0-0: Called Strike 0-1: SINGLE (Line Drive, 89S, EV 105.0 MPH)
|
|
Batting: LHB Leo Gomez
|
0-0: Swinging Strike 0-1: Called Strike 0-2: Ball Wild Pitch! Matt Kennedy to second 1-2: Foul Ball, location: 2F 1-2: Ball 2-2: Strikes out swinging
|
|
Batting: RHB Andy Bachman
|
0-0: Ball 1-0: Ball 2-0: Ball 3-0: Called Strike 3-1: Called Strike 3-2: Ground out U3 (Groundball, 3S, EV 89.4 MPH)
|
| Top of the 2nd over - 2 runs, 3 hits, 0 errors, 1 left on base; Dayton 5 - Hagerstown 1 |
| BOTTOM OF THE 2ND |
|
Hagerstown Suns batting - Pitching for Dayton Dragons : LHP Josue Silva
|
|
Batting: RHB Ben Welt
|
0-0: Called Strike 0-1: Ball 1-1: Foul Ball, location: 2F 1-2: Fly out, F9 (Flyball, 9, EV 85.0 MPH)
|
|
Batting: LHB Vince McLane
|
0-0: SINGLE (Line Drive, 4D, EV 95.6 MPH)
|
|
Batting: RHB Antonio Morado
|
0-0: Ball 1-0: Called Strike 1-1: Foul Ball, location: 2F 1-2: Ball 2-2: Fielders Choice at 2nd, 6-4 (Groundball, 6S, EV 85.6 MPH)
|
|
Batting: LHB Yasuo Igarashi
|
0-0: Called Strike Antonio Morado steals 2nd base 0-1: Ball 1-1: Foul Ball, location: 2F 1-2: Fly out, F4 (Line Drive, 4, EV 68.8 MPH)
|
| Bottom of the 2nd over - 0 runs, 1 hit, 0 errors, 1 left on base; Dayton 5 - Hagerstown 1 |
| TOP OF THE 3RD |
|
Dayton Dragons batting - Pitching for Hagerstown Suns : RHP Sentos Alatas
|
|
Batting: LHB Chris Redhead
|
0-0: Ball 1-0: Foul Ball, location: 2F 1-1: Called Strike 1-2: Ball 2-2: SINGLE (Groundball, 3D, EV 101.9 MPH)
|
|
Batting: RHB Mark Williams
|
0-0: Called Strike 0-1: Called Strike 0-2: Ball 1-2: Ball 2-2: Strikes out swinging
|
|
Pitching: RHP Bastien Perrini
|
|
|
Batting: LHB Ray Walden
|
0-0: Ball 1-0: Ball 2-0: Ball 3-0: Called Strike 3-1: Base on Balls Chris Redhead to second
|
|
Batting: RHB Chris Zamora
|
0-0: Foul Ball, location: 2F 0-1: Called Strike 0-2: Strikes out swinging
|
|
Batting: RHB Ernie Maldonado
|
0-0: Ball 1-0: Called Strike 1-1: Ball 2-1: Called Strike 2-2: Strikes out swinging
|
| Top of the 3rd over - 0 runs, 1 hit, 0 errors, 2 left on base; Dayton 5 - Hagerstown 1 |
| BOTTOM OF THE 3RD |
|
Hagerstown Suns batting - Pitching for Dayton Dragons : LHP Josue Silva
|
|
Batting: RHB Bobby Bricker
|
0-0: Ball 1-0: Called Strike 1-1: Foul Ball, location: 2F 1-2: Fly out, F5 (Line Drive, 56D, EV 66.9 MPH)
|
|
Batting: RHB Leo Gutierrez
|
0-0: Called Strike 0-1: Ball 1-1: Swinging Strike 1-2: Ground out 6-3 (Groundball, 6, EV 85.6 MPH)
|
|
Batting: RHB Tylor Cyr
|
0-0: Ball 1-0: Called Strike 1-1: Called Strike 1-2: Foul Ball, location: 2F 1-2: Ball 2-2: Fly out, F8 (Line Drive, 89M, EV 91.2 MPH)
|
| Bottom of the 3rd over - 0 runs, 0 hits, 0 errors, 0 left on base; Dayton 5 - Hagerstown 1 |
| TOP OF THE 4TH |
|
Dayton Dragons batting - Pitching for Hagerstown Suns : RHP Bastien Perrini
|
|
Batting: RHB Yutaka Sato
|
0-0: Called Strike 0-1: Foul Ball, location: 2F 0-2: Ball 1-2: Ball 2-2: Ball 3-2: Base on Balls
|
|
Batting: LHB Matt Kennedy
|
0-0: Foul Ball, location: 2F 0-1: Ball 1-1: Foul Ball, location: 2F 1-2: Grounds into double play, 6-4-3 (Groundball, 6, EV 108.8 MPH)
|
|
Batting: LHB Leo Gomez
|
0-0: Called Strike 0-1: Foul Ball, location: 2F 0-2: Ground out 4-3 (Groundball, 4, EV 108.1 MPH)
|
| Top of the 4th over - 0 runs, 0 hits, 0 errors, 0 left on base; Dayton 5 - Hagerstown 1 |
| BOTTOM OF THE 4TH |
|
Hagerstown Suns batting - Pitching for Dayton Dragons : LHP Josue Silva
|
|
Batting: RHB Slavik Nebrodov
|
0-0: Ball 1-0: Ball 2-0: Ball 3-0: Called Strike 3-1: Reached on error, E5 (Groundball, 56S, EV 69.4 MPH)
|
|
Batting: RHB Bryan Wheeler
|
0-0: Ball 1-0: Foul Ball, location: 2F 1-1: Ball 2-1: Fly out, F2 (Popup, 2R, EV 95.6 MPH)
|
|
Batting: RHB Ben Welt
|
0-0: Fly out, F6 (Popup, 6M, EV 66.2 MPH)
|
|
Batting: LHB Vince McLane
|
0-0: Called Strike 0-1: Ball 1-1: Ball 2-1: Ball 3-1: Called Strike 3-2: Base on Balls Slavik Nebrodov to second
|
|
Batting: RHB Antonio Morado
|
0-0: Ball 1-0: Ball 2-0: Called Strike 2-1: Ball 3-1: Called Strike 3-2: Base on Balls Slavik Nebrodov to third Vince McLane to second
|
|
Batting: LHB Yasuo Igarashi
|
0-0: Fielders Choice at 2nd, 6-4 (Groundball, 4M, EV 98.8 MPH)
|
| Bottom of the 4th over - 0 runs, 0 hits, 1 error, 3 left on base; Dayton 5 - Hagerstown 1 |
| TOP OF THE 5TH |
|
Dayton Dragons batting - Pitching for Hagerstown Suns : RHP Bastien Perrini
|
|
Batting: RHB Andy Bachman
|
0-0: Called Strike 0-1: Ball 1-1: Ball 2-1: Swinging Strike 2-2: SOLO HOME RUN (Flyball, 9LD, EV 93.1 MPH), Distance : 337 ft
|
|
Batting: LHB Chris Redhead
|
0-0: Foul Ball, location: 2F 0-1: Foul Ball, location: 2F 0-2: Ball 1-2: Ball 2-2: Foul Ball, location: 2F 2-2: Ground out 4-3 (Groundball, 34, EV 99.4 MPH)
|
|
Batting: RHB Mark Williams
|
0-0: Called Strike 0-1: Ball 1-1: Swinging Strike 1-2: Ball 2-2: Foul Ball, location: 2F 2-2: Ball 3-2: Fly out, F7 (Flyball, 7, EV 85.6 MPH)
|
|
Batting: LHB Ray Walden
|
0-0: Ground out 4-3 (Groundball, 4, EV 101.2 MPH)
|
| Top of the 5th over - 1 run, 1 hit, 0 errors, 0 left on base; Dayton 6 - Hagerstown 1 |
| BOTTOM OF THE 5TH |
|
Hagerstown Suns batting - Pitching for Dayton Dragons : LHP Josue Silva
|
|
Batting: RHB Bobby Bricker
|
0-0: Called Strike 0-1: Ball 1-1: Ball 2-1: SINGLE (Groundball, 6MD, EV 98.1 MPH)
|
|
Batting: RHB Leo Gutierrez
|
0-0: Called Strike 0-1: Ball Bobby Bricker steals 2nd base 1-1: Ball 2-1: Swinging Strike 2-2: Ground out U3 (Groundball, 3D, EV 101.2 MPH) Bobby Bricker to third
|
|
Pitching: RHP Jalen Patterson
|
|
|
Batting: RHB Tylor Cyr
|
0-0: Foul Ball, location: 2F 0-1: Called Strike 0-2: Fly out, F7 (Line Drive, 78S, EV 101.2 MPH)
|
|
Batting: RHB Slavik Nebrodov
|
0-0: Fly out, F8 (Line Drive, 8RM, EV 94.4 MPH)
|
| Bottom of the 5th over - 0 runs, 1 hit, 0 errors, 1 left on base; Dayton 6 - Hagerstown 1 |
| TOP OF THE 6TH |
|
Dayton Dragons batting - Pitching for Hagerstown Suns : RHP Bastien Perrini
|
|
Batting: RHB Chris Zamora
|
0-0: Ball 1-0: Called Strike 1-1: Ball 2-1: Ball 3-1: Called Strike 3-2: Strikes out swinging
|
|
Batting: RHB Ernie Maldonado
|
0-0: Called Strike 0-1: Ball 1-1: Ball 2-1: Foul Ball, location: 2F 2-2: Foul Ball, location: 2F 2-2: Ball 3-2: DOUBLE (Flyball, 8RD, EV 91.9 MPH)
|
|
Pitching: RHP Luis Astudillo
|
|
|
Batting: RHB Yutaka Sato
|
0-0: Ball 1-0: Ball 2-0: Swinging Strike 2-1: Ball 3-1: Base on Balls
|
|
Batting: LHB Matt Kennedy
|
0-0: Swinging Strike 0-1: Foul Ball, location: 2F 0-2: Ball Wild Pitch! Ernie Maldonado to third Yutaka Sato to second 1-2: Strikes out looking
|
|
Batting: LHB Leo Gomez
|
0-0: Ball 1-0: Ball 2-0: Called Strike 2-1: Swinging Strike 2-2: Fly out, F9 (Flyball, 89M, EV 83.8 MPH)
|
| Top of the 6th over - 0 runs, 1 hit, 0 errors, 2 left on base; Dayton 6 - Hagerstown 1 |
| BOTTOM OF THE 6TH |
|
Hagerstown Suns batting - Pitching for Dayton Dragons : RHP Jalen Patterson
|
|
Batting: RHB Bryan Wheeler
|
0-0: SINGLE (Groundball, 6D, EV 99.4 MPH)
|
|
Batting: RHB Ben Welt
|
0-0: Called Strike 0-1: Ball 1-1: Ball 2-1: DOUBLE (Line Drive, 78D, EV 105.6 MPH) Bryan Wheeler to third Runner from 3rd tries for Home, throw by LF and OUT! 7-6-2 Ben Welt to third
|
|
Batting: LHB Vince McLane
|
0-0: Ball 1-0: Ball 2-0: Called Strike 2-1: Called Strike 2-2: Ball 3-2: Foul Ball, location: 2F 3-2: Foul Ball, location: 2F 3-2: Base on Balls
|
|
Batting: RHB Antonio Morado
|
0-0: Called Strike 0-1: Ball Vince McLane steals 2nd, throwing error, E2 Ben Welt scores Vince McLane to third 1-1: SINGLE (Flyball, 78S, EV 87.5 MPH) Vince McLane scores
|
|
Batting: LHB Yasuo Igarashi
|
0-0: Called Strike 0-1: Swinging Strike 0-2: Ball 1-2: Ball Wild Pitch! Antonio Morado to second 2-2: Strikes out swinging
|
|
Batting: RHB Bobby Bricker
|
0-0: Called Strike 0-1: Ball 1-1: Called Strike 1-2: Ball 2-2: Foul Ball, location: 2F 2-2: Strikes out looking
|
| Bottom of the 6th over - 2 runs, 3 hits, 1 error, 1 left on base; Dayton 6 - Hagerstown 3 |
| TOP OF THE 7TH |
|
Dayton Dragons batting - Pitching for Hagerstown Suns : RHP Luis Astudillo
|
|
Batting: RHB Andy Bachman
|
0-0: Called Strike 0-1: Swinging Strike 0-2: Foul Ball, location: 2F 0-2: Strikes out swinging
|
|
Batting: LHB Chris Redhead
|
0-0: Ball 1-0: Foul Ball, location: 2F 1-1: Foul Ball, location: 2F 1-2: Ground out 4-3 (Groundball, 4M, EV 83.8 MPH)
|
|
Batting: RHB Mark Williams
|
0-0: Foul Ball, location: 2F 0-1: Ball 1-1: Swinging Strike 1-2: Fly out, F8 (Flyball, 78D, EV 87.5 MPH)
|
| Top of the 7th over - 0 runs, 0 hits, 0 errors, 0 left on base; Dayton 6 - Hagerstown 3 |
| BOTTOM OF THE 7TH |
|
Hagerstown Suns batting - Pitching for Dayton Dragons : RHP Jalen Patterson
|
|
Pitching: RHP Jose Marrero
|
|
|
Now at 1B: Mark Williams
|
|
|
Now at 2B: Yutaka Sato
|
|
|
Now at SS: Juan Zamora
|
|
|
Now in RF: Tim Kirk
|
|
|
Batting: RHB Leo Gutierrez
|
0-0: Ball 1-0: Ball 2-0: Called Strike 2-1: Swinging Strike 2-2: Ball 3-2: Strikes out looking
|
|
Batting: RHB Tylor Cyr
|
0-0: Ball 1-0: Ball 2-0: Ball 3-0: Called Strike 3-1: Called Strike 3-2: Strikes out looking
|
|
Batting: RHB Slavik Nebrodov
|
0-0: Ball 1-0: Called Strike 1-1: Called Strike 1-2: Foul Ball, location: 2F 1-2: Strikes out looking
|
| Bottom of the 7th over - 0 runs, 0 hits, 0 errors, 0 left on base; Dayton 6 - Hagerstown 3 |
| TOP OF THE 8TH |
|
Dayton Dragons batting - Pitching for Hagerstown Suns : RHP Luis Astudillo
|
|
Pitching: RHP Brent Wainwright
|
|
|
Batting: RHB Juan Zamora
|
0-0: Called Strike 0-1: Foul Ball, location: 2F 0-2: Ball 1-2: Fly out, F3 (Popup, 3SF, EV 73.1 MPH)
|
|
Batting: RHB Chris Zamora
|
0-0: Ball 1-0: Swinging Strike 1-1: Foul Ball, location: 2F 1-2: Foul Ball, location: 2F 1-2: Strikes out swinging
|
|
Batting: RHB Ernie Maldonado
|
0-0: Foul Ball, location: 2F 0-1: Ball 1-1: Foul Ball, location: 2F 1-2: SINGLE (Groundball, 4S, EV 67.5 MPH) (infield hit)
|
|
Batting: RHB Yutaka Sato
|
0-0: Ball 1-0: Ball Ernie Maldonado steals 2nd base 2-0: Ball 3-0: Called Strike 3-1: Called Strike 3-2: Strikes out looking
|
| Top of the 8th over - 0 runs, 1 hit, 0 errors, 1 left on base; Dayton 6 - Hagerstown 3 |
| BOTTOM OF THE 8TH |
|
Hagerstown Suns batting - Pitching for Dayton Dragons : RHP Jose Marrero
|
|
Pitching: RHP Ken Armstrong
|
|
|
Batting: RHB Bryan Wheeler
|
0-0: Called Strike 0-1: Called Strike 0-2: Strikes out looking
|
|
Batting: RHB Ben Welt
|
0-0: Ball 1-0: Fly out, F9 (Flyball, 89M, EV 80.6 MPH)
|
|
Batting: LHB Vince McLane
|
0-0: Ground out U3 (Groundball, 3L, EV 100.0 MPH)
|
| Bottom of the 8th over - 0 runs, 0 hits, 0 errors, 0 left on base; Dayton 6 - Hagerstown 3 |
| TOP OF THE 9TH |
|
Dayton Dragons batting - Pitching for Hagerstown Suns : RHP Brent Wainwright
|
|
Pitching: LHP Mike Montgomery
|
|
|
Batting: LHB Tim Kirk
|
0-0: Swinging Strike 0-1: SINGLE (Groundball, 6M, EV 100.6 MPH) (infield hit)
|
|
Batting: LHB Leo Gomez
|
0-0: Ball Passed Ball! Tim Kirk to second 1-0: Foul Ball, location: 2F 1-1: Foul Ball, location: 2F 1-2: Ball 2-2: Strikes out swinging
|
|
Batting: RHB Andy Bachman
|
0-0: Intentional Walk
|
|
Batting: LHB Chris Redhead
|
0-0: Ball 1-0: Ball 2-0: SINGLE (Groundball, 34D, EV 105.6 MPH) Tim Kirk to third Andy Bachman to second Runner from 3rd tries for Home, SAFE, throw by RF to home
|
|
Batting: RHB Mark Williams
|
0-0: Called Strike 0-1: Ball 1-1: SINGLE (Groundball, 56S, EV 68.1 MPH) (infield hit) Andy Bachman to third Chris Redhead to second
|
|
Batting: RHB Juan Zamora
|
0-0: Ball 1-0: Fielders Choice at 2nd, 3-6 (Groundball, 34, EV 98.8 MPH) Andy Bachman scores Chris Redhead to third
|
|
Batting: RHB Chris Zamora
|
0-0: Ball Wild Pitch! Chris Redhead scores Juan Zamora to second 1-0: Called Strike 1-1: Foul Ball, location: 2F 1-2: Ball 2-2: Strikes out swinging
|
| Top of the 9th over - 3 runs, 3 hits, 0 errors, 1 left on base; Dayton 9 - Hagerstown 3 |
| BOTTOM OF THE 9TH |
|
Hagerstown Suns batting - Pitching for Dayton Dragons : RHP Ken Armstrong
|
|
Batting: RHB Antonio Morado
|
0-0: Called Strike 0-1: Swinging Strike 0-2: Foul Ball, location: 2F 0-2: SOLO HOME RUN (Flyball, 78XD, EV 106.9 MPH), Distance : 417 ft
|
|
Batting: LHB Yasuo Igarashi
|
0-0: Ball 1-0: Ball 2-0: Swinging Strike 2-1: Foul Ball, location: 2F 2-2: Ball 3-2: Foul Ball, location: 2F 3-2: Strikes out swinging
|
|
Batting: RHB Bobby Bricker
|
0-0: Called Strike 0-1: Foul Ball, location: 2F 0-2: Ball 1-2: Ground out 4-3 (Groundball, 4, EV 108.1 MPH)
|
|
Batting: RHB Leo Gutierrez
|
0-0: Ball 1-0: Foul Ball, location: 2F 1-1: Ball 2-1: Ball 3-1: Foul Ball, location: 2F 3-2: Foul Ball, location: 2F 3-2: Base on Balls
|
|
Batting: RHB Tylor Cyr
|
0-0: Ball 1-0: Ball 2-0: Ball 3-0: Called Strike 3-1: Foul Ball, location: 2F 3-2: Base on Balls Leo Gutierrez to second
|
|
Pitching: RHP Juan Hernandez
|
|
|
Batting: RHB Slavik Nebrodov
|
0-0: Called Strike 0-1: Reached on error, E3 (Line Drive, 3L, EV 75.0 MPH) Leo Gutierrez to third Tylor Cyr to second
|
|
Batting: RHB Bryan Wheeler
|
0-0: Ball Wild Pitch! Leo Gutierrez scores Tylor Cyr to third Slavik Nebrodov to second 1-0: Called Strike 1-1: Ball Passed Ball! Tylor Cyr scores Slavik Nebrodov to third 2-1: Swinging Strike 2-2: Fly out, F8 (Flyball, 8LD, EV 93.8 MPH)
|
| Bottom of the 9th over - 3 runs, 1 hit, 1 error, 1 left on base; Dayton 9 - Hagerstown 6 |
|